 Seeded DCSS version 0.30.1-4-g462c640d31 (webtiles) character file.

Game seed: 6351066067085065685 (custom seed)

51 Esekla the Grave Robber (level 3, -4/16 (19) HPs)
             Began as a Deep Elf Necromancer on Aug 27, 2023.
             Was a Follower of Vehumet.
             Slain by an iguana (9 damage)
             ... on level 2 of the Dungeon.
             The game lasted 00:10:18 (1621 turns).

Esekla the Grave Robber (Deep Elf Necromancer)      Turns: 1621, Time: 00:10:18

HP:   -4/16 (19)    AC:  4    Str:  5    XL:     3   Next: 57%
MP:   6/9           EV: 13    Int: 21    God:    Vehumet [*.....]
Gold: 160           SH:  0    Dex: 15    Spells: 3/8 levels left

rFire   . . .        a - +1 short sword (freeze)
rCold   . . .        (no shield)
rNeg    . . .        j - +0 robe
rPois   .            h - +0 helmet
rElec   .            (no cloak)
rCorr   .            c - +0 pair of gloves
SInv    .            (no boots)
Will    .....        (no amulet)
Stlth   ++           (no ring)
HPRegen 0.22/turn    (no ring)
MPRegen 0.11/turn

%: no passive effects
@: very slightly contaminated, heavily drained
A: no striking features
a: Renounce Religion


You were on level 2 of the Dungeon.
You worshipped Vehumet.
Vehumet was aware of your devotion.
You visited 1 branch of the dungeon, and saw 4 of its levels.

You collected 160 gold pieces.

Inventory:

Hand Weapons
 a - a +1 short sword of freezing (weapon)
 r - a +0 spear
 s - the +5 rapier of the Hero {heavy, rN+ Dex+3}
   (You found it on level 3 of the Dungeon)

   Dex:       It affects your dexterity (+3).
   rN:        It protects you from negative energy.
Missiles
 u - 3 poisoned darts (quivered)
Armour
 c - a +0 pair of gloves (worn)
 h - a +0 helmet (worn)
 j - a +0 robe (worn)
Wands
 n - a wand of roots (9)
Scrolls
 f - a scroll of identify {unknown}
 k - a scroll of enchant armour {unknown}
 l - a scroll of amnesia {unknown}
 m - a scroll of immolation {unknown}
 p - a scroll of fog {unknown}
 t - a scroll of blinking {unknown}
Potions
 b - a potion of magic
 d - a potion of ambrosia {unknown}
 e - 2 potions of curing {unknown}
 g - 2 potions of attraction {unknown}
 i - a potion of mutation {unknown}
 o - a potion of haste {unknown}
 q - 2 potions of brilliance {unknown}
 v - a potion of heal wounds {unknown}


   Skills:
 + Level 0.4 Short Blades
 * Level 3.3 Dodging
 + Level 2.9 Stealth
 * Level 3.4 Spellcasting
 * Level 5.4 Necromancy


You had 3 spell levels left.
You knew the following spells:

 Your Spells              Type           Power      Damage    Failure   Level
a - Shock                 Conj/Air       12%        1d3       13%         1
b - Necrotise             Necr           100%       1d9       1%          1
d - Vampiric Draining     Necr           26%        2d7       4%          3

Your spell library contained the following spells:

 Spells                   Type           Power      Damage    Failure   Level
 Lesser Beckoning         Tloc           6%         N/A       19%         2
 Gell's Gravitas          Tloc           3%         N/A       36%         3
 Teleport Other           Tloc           3%         N/A       36%         3
 Animate Dead             Necr           26%        N/A       14%         4
 Agony                    Necr           26%        N/A       36%         5


Dungeon Overview and Level Annotations

Branches:
Dungeon (4/15)
 Temple: D:4-7

Altars:
Okawaru
Vehumet
Zin
The Shining One

Shops:
D:2 =


Message History

You feel sick.
You feel sick.
You feel sick.
You are no longer poisoned.
t - a scroll labelled LIXOR VONLAKI An iguana comes into view.
You open the door.
Found 3 poisoned darts and a spear.
Found a faded altar of an unknown god.
There is an open door here.
You see here 3 poisoned darts.
u - 3 poisoned darts You see here a +0 spear.
v - a +0 spear Adjust (i)tems, (s)pells, or (a)bilities?
v - a +0 spear Adjust to which letter? (? for menu, Esc to quit)
r - a +0 spear;
v - a puce potion You open the door.
There is an open door here.
Found 6 poisoned darts.
The helpless iguana fails to defend itself.
You hit the iguana.
The iguana seems to slow down.
You freeze the iguana.
The iguana is heavily wounded.
You hit the iguana but do no damage.
The iguana is heavily wounded.
The iguana bites you!
Ouch! That really hurt!
* * * LOW HITPOINT WARNING * * *
Casting: Vampiric Draining (quite dangerous; 4% risk of failure)
Confirm with . or Enter, or press ? or * to list all spells.
The spell is quite dangerous to miscast (4% risk of failure)!
Continue anyway?
Aiming: Vampiric Draining (quite dangerous; 4% risk of failure)
Press: ? - help, Shift-Dir - straight line, f - iguana
Aim: an iguana (heavily wounded, slow)
You miscast Vampiric Draining.
You are very lightly contaminated with residual magic.
Nothing appears to happen.
The iguana is no longer moving slowly.
The iguana bites you!
Ouch! That really hurt!
You die...

#.##..#####.###
######.##<.........#
#......##........).#
#.####.##.######.#.#
#.......#............
####.#####.########.#.###
#....#8.8#....# #.#r#
#.8###...###8.#####.# #
#..'..._...'@l......#
#.8###...###8.#.#### #...
#8.8# .....#
##...#####.....## ##...
(..#### .... ....
#########


You could see an iguana.

Vanquished Creatures
  An adder (D:2)
  A dart slug (D:1)
  4 endoplasms
  8 goblins
  3 hobgoblins
  A quokka (D:1)
  6 ball pythons
  4 bats
  3 frilled lizards
  5 kobolds
36 creatures vanquished.

Notes
Turn   | Place    | Note
-------+----------+-------------------------------------------
     0 | D:1      | Esekla the Deep Elf Necromancer began the quest for the
                  | Orb.
     0 | D:1      | Reached XP level 1. HP: 10/10 MP: 6/6
   297 | D:4      | Found a radiant altar of Vehumet.
   308 | D:4      | Found an iron altar of Okawaru.
   319 | D:4      | Found a glowing silver altar of Zin.
   427 | D:4      | Became a worshipper of Vehumet
   512 | D:4      | Found a glowing golden altar of the Shining One.
   788 | D:3      | Reached skill level 5 in Necromancy
   788 | D:3      | Reached XP level 2. HP: 15/15 MP: 8/8
   943 | D:3      | Identified the +5 rapier of the Hero {heavy, rN+ Dex+3}
  1032 | D:2      | Found Renulab's Jewellery Shop.
  1249 | D:1      | Reached * piety under Vehumet
  1249 | D:1      | Offered knowledge of Shock by Vehumet.
  1255 | D:1      | Reached XP level 3. HP: 16/19 MP: 9/9
  1259 | D:1      | Learned a level 1 spell: Shock
  1263 | D:1      | Learned a level 3 spell: Vampiric Draining
  1605 | D:2      | Found a faded altar of an unknown god.
  1621 | D:2      | Slain by an iguana

Illustrated notes

Levels and vault maps discovered:
D:1:      sevenhm_arrival_forest_fort_small_3, layout_rooms,
          chequers_serial_rivers_room_b, minmay_misc_feat_five
D:2:      layout_loops_ring, dreamdust_ecumenical_altar_angels_and_demons,
          serial_shops, shop
D:3:      layout_basic, grunt_temple_overflow_open, minmay_misc_feat_iff
D:4:      layout_basic, nicolae_overflow_quartered_altars, serial_shops,
          nicolae_diamond_shop

Skill      XL: |  1  2 |
---------------+-------+-----
Necromancy     | 5 |  5.4
Dodging        | 3 |  3.3
Short Blades   | |  0.4
Stealth        | |  2.9
Spellcasting   | |  3.4

Action                     || total
---------------------------++-------
  Melee: Short sword       ||    79
         Unarmed           ||     9
   Cast: Vampiric Draining ||     1
         Shock             ||     1
    Use: Scroll            ||     1
   Stab: Sleeping          ||     5
         Distracted        ||     1
 Armour: Robe              ||    24
  Dodge: Dodged            ||    78
